Construct Light Support Kompanie
Construct Mechanized Kompanie
Panzerjäger Mechanized Group
Construct Mechanized Kompanie
Selects Italian Combined Arms Battlegroup
Selects Semovente da 75/18 Assault Gun
Selects Carro Armato M13/40 Light Tank
Carro Armato M13/40 Light Tank
Selects Bersaglieri Squad
Selects Vehicle Support - Secure Location
Carro Armato M13/40 Light Tank
Selects Breda Model 30 Light Machine Guns
Construct Panzerarmee Kommand
254 Reconnaissance Tractor
Walking Stuka Rocket Launcher
Carro Armato M13/40 Light Tank